Map: Ephemeron LE

Players

lyesacks - Winner!

  • Race: Protoss Protoss
  • League: Platinum
  • Spawn Location: 5:00

pHARM

  • Race: Zerg Zerg
  • League: Platinum
  • Spawn Location: 11:00

VOD

Have the link to the VOD?

Description

Time

  • Played on: Aug. 20, 2019, 11:01 p.m.
  • Length: 15:41
Show
View Real Time Build Order
Export as new Build Order

lyesacks Protoss - Winner!

Build Orders: Zealot Archon 

Get SALT Encoding   

  12  0:02  Probe  
  13  0:14  Probe  
  13  0:19  Pylon  
  14  0:27  Probe  
  15  0:39  Probe  
  16  0:43  Gateway  
  16  0:51  Probe  
  17  0:58  Assimilator  
  17  0:59  Probe  
  18  1:07  Probe  
  18  1:17  Probe  
  20  1:29  Probe  
  20  1:32  Gateway  
  21  1:37  Cybernetics Core  
  21  1:41  Probe  
  22  1:48  Pylon  
  22  1:53  Probe  
  23  2:02  Probe, Assimilator  
  23  2:07  Pylon  
  24  2:10  Probe  
  24  2:13  Warp Gate  
  25  2:20  Probe  
  25  2:21  Adept x2  
  30  2:32  Probe  
  31  2:43  Nexus  
  31  2:51  Pylon  
  31  3:03  Twilight Council  
  31  3:11  Probe  
  32  3:24  Probe  
  32  3:25  Charge  
  29  3:57  Gateway  
  29  3:59  Gateway  
  29  4:00  Forge  
  29  4:03  Probe x2  
  29  4:06  Zealot, Assimilator  
  29  4:07  Zealot  
  29  4:08  Assimilator  
  35  4:15  Probe x2  
  35  4:16  Protoss Ground Weapons Level 1  
  37  4:19  Templar Archives  
  37  4:27  Zealot, Probe x2  
  37  4:28  Zealot  
  43  4:41  Photon Cannon  
  43  4:51  Gateway  
  43  4:57  High Templar x3  
  49  5:04  Archon  
  49  5:08  Zealot  
  51  5:19  Robotics Facility  
  51  5:21  Pylon  
  51  5:25  Pylon  
  51  5:32  Zealot  
  51  5:33  Zealot  
  55  5:53  High Templar x3  
  55  5:55  Zealot  
  55  5:56  Zealot  
  65  5:58  Probe x2  
  67  6:07  Archon x2  
  67  6:10  Probe x2  
  69  6:13  Psionic Storm  
  69  6:14  Observer  
  69  6:17  Protoss Ground Weapons Level 2  
  70  6:31  Zealot x3  
  70  6:32  Observer  
  76  6:36  Probe  
  78  6:42  Pylon  
  78  6:47  Pylon  
  78  6:53  Pylon  
  78  7:00  Probe x2  
  80  7:06  Zealot x3  
  80  7:07  Zealot  
  88  7:17  High Templar  
  62  7:45  Zealot x2  
  62  7:46  Zealot x2  
  66  8:08  High Templar x4  
  74  8:22  Gateway  
  74  8:25  Gateway  
  74  8:26  Gateway, Archon x2  
  74  8:29  Gateway  
  74  8:30  Gateway  
  74  8:33  Pylon  
  74  8:42  High Templar x2  
  74  8:43  High Templar  
  74  8:46  Zealot  
  74  8:48  Archon  
  82  9:07  Stalker  
  82  9:09  Nexus  
  84  9:12  Protoss Ground Weapons Level 3  
  84  9:13  Pylon  
  84  9:15  Probe x2  
  86  9:17  Pylon  
  86  9:21  Assimilator  
  86  9:25  High Templar x3  
  86  9:26  Assimilator  
  86  9:27  Probe, Zealot x2  
  97  9:36  Pylon  
  97  9:38  Pylon  
  97  9:56  Photon Cannon  
  97  10:02  High Templar  
  97  10:05  Zealot  
  97  10:06  Zealot  
  103  10:23  Probe x2  
  103  10:24  Probe  
  103  10:26  Zealot x2  
  110  10:35  Probe  
  110  10:36  Zealot, Probe  
  110  10:37  Zealot  
  116  10:45  High Templar x3  
  116  10:46  High Templar  
  116  10:49  Archon x2  
  124  10:51  Zealot x2  
  128  10:59  Stalker  
  130  11:04  Zealot  
  130  11:05  Zealot  
  134  11:31  Zealot x2  
  134  11:32  Zealot x4  
  101  12:27  Archon  
  101  12:28  Archon  
  95  12:35  Zealot  
  95  12:36  Zealot x6  
  97  12:37  Zealot x2  
  85  12:54  Nexus  
  85  12:56  Pylon  
  79  12:58  Protoss Ground Armor Level 1  
  79  13:00  Pylon, Assimilator  
  79  13:03  High Templar x2  
  79  13:04  High Templar x6, Assimilator  
  79  13:05  High Templar  
  97  13:13  Archon x4  
  97  13:29  Probe x3  
  100  13:36  Zealot x2  
  100  13:37  Zealot x4  
  100  13:38  Zealot x2  
  117  13:41  Probe x3  
  119  13:53  Probe  
  118  14:15  Pylon  
  92  14:29  Zealot  
  92  14:30  Zealot x5  
  92  14:31  Zealot x3  
  85  15:14  Zealot x2  
  85  15:15  Zealot x5  
  85  15:16  Zealot x2  
  93  15:38  High Templar x4  
  93  15:39  High Templar x4  
  93  15:40  High Templar  
Show
View Real Time Build Order
Export as new Build Order

pHARM Zerg 

Build Orders: Hatch First 

Get SALT Encoding   

  12  0:01  Drone  
  13  0:13  Overlord  
  13  0:24  Drone  
  14  0:36  Drone  
  14  0:37  Drone x2  
  17  0:58  Hatchery  
  17  1:03  Drone  
  17  1:04  Drone  
  18  1:09  Drone  
  19  1:21  Drone  
  19  1:25  Spawning Pool  
  19  1:31  Drone  
  20  1:42  Drone  
  21  1:48  Extractor  
  20  1:56  Drone  
  21  2:03  Overlord  
  21  2:11  Queen  
  21  2:12  Queen  
  25  2:23  Drone x3  
  28  2:30  Drone  
  28  2:35  Spine Crawler  
  28  2:42  Drone x2  
  30  2:47  Overlord  
  30  2:52  Lair  
  30  3:14  Queen  
  30  3:16  Zergling x8  
  30  3:17  Overlord x2  
  33  3:49  Drone x6  
  39  4:15  Evolution Chamber  
  38  4:24  Roach Warren  
  37  4:32  Drone x11  
  37  4:34  Evolution Chamber  
  37  4:37  Extractor x2  
  45  4:41  Drone  
  46  4:45  Overlord  
  46  4:55  Zerg Missile Weapons Level 1  
  46  5:13  Drone x3  
  46  5:14  Drone x2, Roach  
  51  5:15  Roach x3  
  59  5:23  Nydus Network  
  59  5:24  Drone  
  59  5:26  Roach x2  
  63  5:34  Drone  
  64  5:40  Roach  
  64  5:41  Roach  
  68  6:03  Overlord x2, Hatchery  
  68  6:04  Overlord  
  67  6:09  Zerg Ground Armor Level 1  
  67  6:10  Glial Reconstitution  
  67  6:19  Hydralisk Den, Roach  
  67  6:23  Roach x5  
  78  6:42  Roach x7  
  92  6:53  Grooved Spines  
  92  7:03  Nydus Canal  
  92  7:08  Overlord  
  92  7:09  Overlord x2  
  92  7:14  Drone x5  
  92  7:15  Drone  
  57  7:54  Drone  
  57  7:55  Drone x10  
  66  8:00  Extractor  
  66  8:04  Zerg Ground Armor Level 2, Zerg Missile Weapons Level 2  
  65  8:09  Muscular Augments  
  65  8:13  Extractor  
  65  8:15  Extractor  
  63  8:37  Drone x2  
  63  8:38  Drone x4  
  63  8:39  Drone  
  63  8:41  Roach x11  
  91  9:15  Roach x3  
  91  9:16  Infestation Pit, Roach x7  
  110  9:18  Overlord x2  
  110  9:19  Overlord  
  110  9:20  Hatchery  
  109  9:38  Overlord x2  
  109  9:39  Roach x3  
  115  9:54  Hive  
  115  9:56  Roach x2  
  115  9:57  Hydralisk x3  
  115  9:58  Hydralisk x5  
  135  10:17  Hydralisk x4  
  135  10:18  Hydralisk x4  
  135  10:20  Overlord x2  
  151  10:38  Overlord x2  
  151  10:50  Drone x12  
  163  11:00  Overseer x3  
  163  11:01  Overseer x3  
  163  11:07  Spore Crawler  
  163  11:09  Drone x3, Spine Crawler x2  
  163  11:14  Spore Crawler  
  163  11:16  Spine Crawler  
  161  11:18  Spine Crawler  
  161  11:19  Drone  
  161  11:25  Spore Crawler  
  160  11:27  Spine Crawler  
  160  11:28  Drone x3, Spine Crawler  
  161  11:32  Spore Crawler  
  161  11:33  Spine Crawler  
  161  11:35  Spine Crawler  
  141  11:53  Roach x4  
  141  11:54  Roach x17  
  103  12:04  Roach  
  105  12:11  Roach x5  
  115  12:22  Roach x7  
  117  12:23  Roach  
  117  12:26  Roach  
  105  12:31  Roach x2  
  97  12:39  Roach x4  
  87  12:48  Roach  
  87  12:49  Roach x7  
  99  12:57  Roach x3  
  93  13:17  Spire  
  93  13:19  Hatchery  
  91  13:43  Queen  
  91  13:44  Spine Crawler  
  91  13:46  Roach x6  
  91  13:47  Roach x9  
  91  13:48  Overlord x2  
  98  14:20  Roach x11  
  98  14:21  Roach x3  
  114  14:31  Roach x4  
  84  14:40  Roach x3  
  84  14:44  Roach  
  84  14:45  Roach x2  
  69  14:53  Roach  
  69  14:54  Roach  
  69  14:58  Roach  
  59  15:04  Roach  
  49  15:17  Drone  
  49  15:18  Drone x2  
Tags
 
Composition
Zealot Archon
Matchup
PvZ
Replay Pack
10.7.19
Spawn Locations
Cross Positions
Add a new tag
Caveats
  • Supply blocks, unpowered buildings, or Contaminate may cause inaccurate times.
  • Supply counts are checked every 10 seconds.